 Dungeon Crawl Stone Soup version 0.28-a0-556-gab23d0e057 (webtiles) character file.

Game seed: 8436339406536718751

105 nicanaca0 the Chopper (level 4, -13/40 HPs)
             Began as a Minotaur Berserker on Sept 28, 2021.
             Was a Believer of Trog.
             Mangled by an orc (24 damage)
             ... on level 3 of the Dungeon.
             The game lasted 00:02:10 (2053 turns).

nicanaca0 the Chopper (Minotaur Berserker)          Turns: 2053, Time: 00:02:11

Health: -13/40     AC: 12    Str: 22    XL:     4   Next: 54%
Magic:  3/3        EV:  7    Int:  5    God:    Trog [**....]
Gold:   50         SH:  0    Dex: 15    Spells: 3/3 levels left

rFire   . . .      SeeInvis .   a - +0 hand axe
rCold   . . .      Faith    .   (no shield)
rNeg    . . .      Spirit   .   o - +0 plate armour
rPois   .          Reflect  .   (helmet restricted)
rElec   .          Harm     .   (no cloak)
rCorr   .          Rampage  .   (no gloves)
Will    .....                   n - +0 pair of boots
Stlth   ..........              (no amulet)
HPRegen 0.13/turn               k - +6 ring of dexterity
MPRegen 0.08/turn               (no ring)

@: no status effects
A: horns 2, retaliatory headbutt
a: Renounce Religion, Berserk, Trog's Hand


You were on level 3 of the Dungeon.
You worshipped Trog.
Trog was pleased with you.
You visited 1 branch of the dungeon, and saw 3 of its levels.

You collected 50 gold pieces.

Inventory:

Hand Weapons
 a - a +0 hand axe (weapon)
Missiles
 d - 60 stones (quivered)
Armour
 f - a +0 ring mail
 n - a +0 pair of boots (worn)
 o - a +0 plate armour (worn)
Jewellery
 k - a +6 ring of dexterity (left hand)
Scrolls
 c - 4 scrolls of identify {unknown}
 e - a scroll of holy word {unknown}
 h - 3 scrolls of silence {unknown}
 i - a scroll of immolation {unknown}
 j - a scroll of amnesia {unknown}
 m - a scroll of fear {unknown}
Potions
 b - a potion of attraction {unknown}
 g - a potion of flight {unknown}
 l - a potion of magic {unknown}


   Skills:
 + Level 4.2 Fighting
 * Level 4.8 Axes
 + Level 1.5 Throwing
 + Level 3.1 Armour
 - Level 2.1 Dodging
 + Level 1.8 Shields


You had 3 spell levels left.
You didn't know any spells.
Your spell library was empty.

Dungeon Overview and Level Annotations

Branches:
Dungeon (3/15)

Altars:
Xom


Innate Abilities, Weirdness & Mutations

You have a pair of horns on your head.
You reflexively headbutt those who attack you in melee.


Message History

d - 69 stones (gained 2)
A kobold comes into view. It is wielding a +0 dagger.
You see here a stone.
You throw a stone. The stone barely misses the kobold.
The kobold shouts!
A kobold is nearby!
You throw a stone. The stone hits the kobold.
The kobold is heavily wounded.
A kobold is nearby!
You throw a stone. The stone closely misses the kobold.
An orc comes into view.
It is wielding a +2 spear of distortion.
There are monsters nearby!
You throw a stone. The stone closely misses the kobold.
There are monsters nearby!
You throw a stone. The stone completely misses the kobold.
There are monsters nearby!
You throw a stone. The stone hits the kobold.
You kill the kobold!
Trog accepts your kill.
An orc is nearby!
You throw a stone. The stone barely misses the orc.
An orc comes into view. It is wielding a +0 club.
There are monsters nearby!
You throw a stone. The stone completely misses the orc.
The orc shouts!
You throw a stone.
The stone hits the orc but does no damage.
The orc hits you but does no damage. Space warps horribly around you!
You are too injured to fight recklessly!
The orc hits you from afar with a +2 spear of distortion.
You are too injured to fight recklessly!
There is an open door here.
Things that are here:
a jackal corpse; a jackal corpse You are too injured to fight recklessly!
The orc hits you but does no damage. Space warps horribly around you!
* * * LOW HITPOINT WARNING * * *
The orc hits you but does no damage. Space warps horribly around you!!
Ouch! That really hurt!
You die...

#.#...((.
#.#......
#........
#..(.....
#.(..# #o#
#.####
#o#..#
#@#..#
#.#..#
##†#..#
#†..<.####
#........#
#...†....#
#..[.....#
#........#
##########


You could see 2 orcs.

Vanquished Creatures
  Natasha (D:2)
  3 adders (D:2)
  An ufetubus (D:3)
  A worm (D:2)
  2 ball pythons (D:1)
  3 endoplasms
  A giant cockroach (D:1)
  5 goblins
  2 hobgoblins
  7 jackals
  4 kobolds
  2 quokkas
  3 bats
  7 frilled lizards
  A rat (D:2)
43 creatures vanquished.

Notes
Turn   | Place    | Note
-------+----------+-------------------------------------------
     0 | D:1      | nicanaca0 the Minotaur Berserker began the quest for the
                  | Orb.
     0 | D:1      | Reached XP level 1. HP: 19/19 MP: 0/0
    39 | D:1      | Reached XP level 2. HP: 12/27 MP: 1/1
   550 | D:1      | Reached skill level 1 in Throwing
   901 | D:2      | Reached skill level 1 in Shields
   901 | D:2      | Reached XP level 3. HP: 25/33 MP: 2/2
  1125 | D:2      | Found a shimmering altar of Xom.
  1495 | D:2      | Reached ** piety under Trog
  1741 | D:2      | Noticed Natasha
  1751 | D:2      | Killed Natasha
  1752 | D:2      | Reached XP level 4. HP: 36/40 MP: 3/3
  2053 | D:3      | Mangled by an orc

Illustrated notes

Levels and vault maps discovered:
D:1:      wander_arrival_lonely_grave, layout_loops_ring
D:2:      layout_loops_cross, basic_altar, kennysheep_generic_room_4,
          uniq_natasha
D:3:      minmay_chambers_of_twos, layout_basic,
          mainiacjoe_overflow_surrounded_room, lemuel_crystal_altar,
          ebering_ecumenical_altar_ruins, minmay_randomly_rotated_circles

Skill      XL: |  1  2  3 |
---------------+----------+-----
Axes           | 4 |  4.8
Throwing       | 1 |  1.5
Shields        | 1 |  1.8
Fighting       | 4 |  4.2
Armour         | 3 |  3.1
Dodging        | |  2.1

Action                   |  1- 3 |  4- 6 || total
-------------------------+-------+-------++-------
Melee: Hand axe          |    76 |    11 ||    87
       Headbutt          |     9 |     1 ||    10
Throw: Stone             |    52 |    17 ||    69
Armor: Animal skin       |     4 |       ||     4
       Ring mail         |     8 |     4 ||    12
       Plate armour      |       |     7 ||     7
Dodge: Dodged            |    38 |     7 ||    45

Table legend: (Time is in decaauts)
 A = Elapsed time spent in this place.
 B = Non-inter-level travel time spent in this place.
 C = Inter-level travel time spent in this place.
 D = Time resting spent in this place.
 E = Time spent auto-exploring this place.
 F = Levels seen in this place.
 G = Mean time per level.
                   A        B        C        D        E       F      G
               +--------+--------+--------+--------+--------+-----+--------+
         Total |   2062 |   1926 |    136 |    201 |   1403 |   3 |  687.3 |
       Dungeon |   2062 |   1926 |    136 |    201 |   1403 |   3 |  687.3 |
               +--------+--------+--------+--------+--------+-----+--------+

Top non-repeatable levels by time:
     D:2: 1092 daAuts
     D:1: 899 daAuts
     D:3: 69 daAuts
